 Dungeon Crawl Stone Soup version 0.26-a0-58-g79b31b8662 (webtiles) character file.

Game seed: 4506397839693566885

1574 BritishOli the Skirmisher (level 8, -2/64 HPs)
             Began as a Demonspawn Monk on June 8, 2020.
             Was a Believer of Okawaru.
             Slain by a gnoll
             ... wielding a +0 whip
              (8 damage)
             ... on level 7 of the Dungeon.
             The game lasted 00:06:40 (5329 turns).

BritishOli the Skirmisher (Demonspawn Monk)         Turns: 5329, Time: 00:06:40

Health: -2/64      AC:  2    Str: 13    XL:     8   Next: 59%
Magic:  8/8        EV: 19    Int: 20    God:    Okawaru [**....]
Gold:   119        SH:  0    Dex: 15    Spells: 7/7 levels left

rFire    . . .     SeeInvis +   a - +0 falchion
rCold    . . .     Gourm    .   (no shield)
rNeg     . . .     Faith    .   b - +0 robe
rPois    .         Spirit   .   (helmet unavailable)
rElec    .         Reflect  .   n - scarf {repulsion}
rCorr    +         Harm     +   A - -1 pair of gloves of Syndicalism {Harm Int+7} (curse)
MR       .....                  (no boots)
Stlth    ++........             (no amulet)
HPRegen  0.20/turn              e - +4 ring of evasion
MPRegen  0.11/turn              s - ring of resist corrosion

@: repel missiles
A: antennae 3, foul stench 1, spiny 1, rot immunity
a: Heroism, Renounce Religion


You were on level 7 of the Dungeon.
You worshipped Okawaru.
Okawaru was pleased with you.
You were hungry.

You visited 2 branches of the dungeon, and saw 8 of its levels.

You collected 309 gold pieces.
You spent 190 gold pieces at shops.

Inventory:

Hand Weapons
 a - a +0 falchion (weapon)
 y - the +2 mace "Egeoc" {vorpal, rN+ Str-5 Dex+5}
   (You found it on level 4 of the Dungeon)

   It inflicts extra damage upon your enemies.
   It affects your strength (-5).
   It affects your dexterity (+5).
   It protects you from negative energy.
Missiles
 p - 2 throwing nets (quivered)
Armour
 b - a +0 robe (worn)
 n - a scarf of repulsion (worn)
 A - the cursed -1 pair of gloves of Syndicalism (worn) {Harm Int+7}
   (You bought it in a shop on level 4 of the Dungeon)

   It affects your intelligence (+7).
   It increases damage dealt and taken.
   It has a curse placed upon it.
Jewellery
 e - a +4 ring of evasion (left hand)
 s - a ring of resist corrosion (right hand)
Wands
 B - a wand of iceblast (7)
 D - a wand of polymorph (9)
Scrolls
 d - 3 scrolls of amnesia {unknown}
 f - a scroll of random uselessness {unknown}
 h - a scroll of magic mapping {unknown}
 i - 7 scrolls of identify {unknown}
 k - 2 scrolls of remove curse {unknown}
 m - a scroll of fog {unknown}
 o - 4 scrolls of enchant weapon {unknown}
 r - a scroll of blinking {unknown}
 w - 2 scrolls of teleportation {unknown}
 x - 2 scrolls of immolation {unknown}
 E - 3 scrolls of noise {unknown}
Potions
 g - 2 potions of might {unknown}
 j - a potion of lignification {unknown}
 l - 3 potions of heal wounds {unknown}
 q - 2 potions of stabbing {unknown}
 t - a potion of magic {unknown}
 u - 3 potions of mutation {unknown}
 v - a potion of cancellation {unknown}
 z - a potion of ambrosia {unknown}
 C - 3 potions of berserk rage {unknown}
Comestibles
 c - 4 rations


   Skills:
 + Level 6.2 Fighting
 + Level 5.6 Long Blades
 + Level 4.7 Armour
 + Level 5.6 Dodging
 - Level 1.7 Stealth


You had 7 spell levels left.
You didn't know any spells.
Your spell library was empty.

Dungeon Overview and Level Annotations

Branches:
Dungeon (7/15)             Temple (1/1) D:6

Altars:
Ashenzari
Cheibriados
Dithmenos
Elyvilon
Gozag
Hepliaklqana
Kikubaaqudgha
Makhleb
Nemelex Xobeh
Okawaru
Qazlal
Ru
Sif Muna
Trog
Uskayaw
Vehumet
Wu Jian
Xom
Yredelemnul
Zin
The Shining One

Shops:
D:4 [

Annotations:
D:5 Dowan, Duvessa


Innate Abilities, Weirdness & Mutations

You have a pair of large antennae on your head. (SInv)
You may emit foul miasma when damaged in melee.
You are partially covered in sharp spines.
You are immune to rotting.


Message History

The big kobold closely misses you.
You hit the big kobold.
The big kobold is moderately wounded.
A gnoll comes into view. It is wielding a +0 whip.
The big kobold is struck by your spines.
The big kobold closely misses you.
The gnoll shouts!
The worker ant twitches its antennae in your direction.
You hit the big kobold.
The big kobold is severely wounded.
The big kobold is struck by your spines.
The big kobold hits you but does no damage.
You barely miss the big kobold.
The big kobold is severely wounded.
The big kobold is struck by your spines.
You kill the big kobold!
Okawaru accepts your kill.
The crimson imp blinks!
The kobold completely misses you. The gnoll hits you with a +0 whip!
You die...

...#### ##....<
..... ... #.#
##.## { #
###...####..#.#
#.(...)@KK.a...
#.#...##g§.g...
#.##.## .g..#.#
#.##.# ...##
#.##.# ...#
#.##.# ...#
#.##.# ...#
#.##.# ...# #(#


You could see a worker ant, 3 gnolls and 2 kobolds.

Vanquished Creatures
  Pikel (D:5)
  An ice beast (D:6)
  3 slaves (D:5)
  A phantom (D:6)
  2 ogres
  2 centaurs
  A big kobold (D:7)
  A bullfrog (D:6)
  2 hounds
  A bullfrog skeleton (D:6)
  3 orc wizards (D:4)
  An iguana (D:6)
  2 worker ants
  A hound skeleton (D:6)
  8 adders
  5 gnolls (D:7)
  A shadow imp (D:7)
  2 oozes
  3 worms
  3 dart slugs
  2 leopard geckos
  4 orcs
  7 giant cockroaches
  4 goblins
  7 hobgoblins
  4 jackals (D:2)
  3 quokkas
  A ball python skeleton (D:4)
  10 bats
  4 frilled lizards
  A jackal skeleton (D:5)
  6 kobolds
  8 rats
105 creatures vanquished.

Notes
Turn   | Place    | Note
-------+----------+-------------------------------------------
     0 | D:1      | BritishOli the Demonspawn Monk began the quest for the Orb.
     0 | D:1      | Reached XP level 1. HP: 18/18 MP: 1/1
   138 | D:1      | Gained mutation: You have a pair of small antennae on your
                  | head. [demonic ancestry]
   138 | D:1      | Reached XP level 2. HP: 24/24 MP: 2/2
   704 | D:2      | Reached skill level 1 in Armour
   704 | D:2      | Gained mutation: You have a pair of antennae on your head.
                  | [demonic ancestry]
   704 | D:2      | Reached XP level 3. HP: 29/29 MP: 3/3
  1198 | D:2      | Gained mutation: You are partially covered in sharp spines.
                  | [demonic ancestry]
  1198 | D:2      | Reached XP level 4. HP: 33/35 MP: 4/4
  2564 | D:4      | Reached XP level 5. HP: 33/42 MP: 5/5
  2570 | D:4      | Reached skill level 4 in Fighting
  2570 | D:4      | Noticed an ogre
  2586 | D:4      | Killed an ogre
  2586 | D:4      | Gained mutation: You have a pair of large antennae on your
                  | head. (SInv) [demonic ancestry]
  2586 | D:4      | Reached XP level 6. HP: 42/48 MP: 6/6
  2672 | D:4      | Got a crystal mace
  2673 | D:4      | Identified the +2 mace "Egeoc" {vorpal, rN+ Str-5 Dex+5}
                  | (You found it on level 4 of the Dungeon)
  2944 | D:4      | Found Baginn's Antique Armour Boutique.
  2952 | D:4      | Bought a pair of brightly glowing gloves for 190 gold
                  | pieces
  2957 | D:4      | Identified the cursed -1 pair of gloves of Syndicalism
                  | {Harm Int+7} (You bought it in a shop on level 4 of the
                  | Dungeon)
  3161 | D:5      | Entered Level 5 of the Dungeon
  3410 | D:5      | Noticed Duvessa
  3412 | D:5      | Noticed Dowan
  3552 | D:6      | Gained mutation: You are immune to rotting. [demonic
                  | ancestry]
  3552 | D:6      | Reached XP level 7. HP: 35/55 MP: 7/7
  3715 | D:6      | Noticed Pikel
  3926 | D:5      | Killed Pikel
  3926 | D:5      | Reached skill level 5 in Fighting
  3926 | D:5      | Reached skill level 5 in Long Blades
  4180 | D:6      | Found a staircase to the Ecumenical Temple.
  4201 | Temple   | Entered the Ecumenical Temple
  4208 | Temple   | Became a worshipper of Warmaster Okawaru
  4208 | Temple   | Reached * piety under Okawaru
  4208 | Temple   | Reached ** piety under Okawaru
  4443 | D:6      | Reached skill level 5 in Dodging
  4443 | D:6      | Gained mutation: You may emit foul miasma when damaged in
                  | melee. [demonic ancestry]
  4443 | D:6      | Reached XP level 8. HP: 45/63 MP: 8/8
  5315 | D:7      | Reached skill level 6 in Fighting
  5329 | D:7      | Slain by a gnoll

Illustrated notes

Levels and vault maps discovered:
D:1:      minmay_arrival_stone_box, layout_loops_ring,
          chequers_serial_rivers_room_a
D:2:      minmay_inner_zag, layout_basic
D:3:      layout_rooms
D:4:      layout_loops_ring, serial_shops, nicolae_shop_trees, kennysheep_boxes
D:5:      layout_loops_ring, first_ration, basic_altar, vehumet_altar_wand_db,
          uniq_ijyb, uniq_prince_ribbit1, uniq_duvessa
D:6:      layout_gridville, minmay_temple_entry_grid, uniq_pikel
D:7:      layout_loops_ring, kennysheep_mini_moat
Temple:   minmay_crystal_snake_temple

Skill      XL: |  1  2  3  4  5  6  7  8 |
---------------+-------------------------+-----
Long Blades    | 3 4 5 |  5.6
Armour         | 1 2 3 4 |  4.7
Dodging        | 3 4 5 |  5.6
Fighting       | 4 5 6 |  6.2
Stealth        | |  1.7

Action                   |  1- 3 |  4- 6 |  7- 9 || total
-------------------------+-------+-------+-------++-------
Melee: Falchion          |    99 |   134 |    80 ||   313
 Stab: Sleeping          |     5 |     3 |     1 ||     9
  Eat: Chunk             |     1 |     5 |     1 ||     7
       Ration            |       |     1 |     1 ||     2
Armor: Robe              |    16 |    14 |     3 ||    33
Dodge: Dodged            |    92 |   102 |   105 ||   299
       Repelled          |       |       |     1 ||     1
       Rpst.: Falchion   |    25 |    34 |    34 ||    93

Table legend:
 A = Non-vault XP
 B = Vault XP
 C = Vault XP percentage of total XP
 D = Non-vault monster count
 E = Vault monster count
 F = Vault count percentage of total count
                 A         B        C        D         E       F
            +---------+---------+-------+---------+---------+-------
      Total |    1598 |     651 |  28.9 |      96 |       6 |   5.9
            +---------+---------+-------+---------+---------+-------
        D:1 |      33 |       0 |   0.0 |      18 |       0 |   0.0
        D:2 |     106 |      10 |   8.6 |      26 |       5 |  16.1
        D:3 |      46 |       0 |   0.0 |      16 |       0 |   0.0
        D:4 |     288 |       0 |   0.0 |       8 |       0 |   0.0
        D:5 |     142 |     641 |  81.9 |       5 |       1 |  16.7
        D:6 |     594 |       0 |   0.0 |      11 |       0 |   0.0
        D:7 |     389 |       0 |   0.0 |      12 |       0 |   0.0
            +---------+---------+-------+---------+---------+-------
